 Dungeon Crawl Stone Soup version 0.25-a0-292-gaa31f046c4 (webtiles) character file.

Game seed: 8746111119483179006, levelgen mode: deterministic

2 Lanoc the Conjurer (level 1, -1/10 HPs)
             Began as a Gargoyle Conjurer on Dec 15, 2019.
             Slain by a jackal (3 damage)
             ... on level 1 of the Dungeon.
             The game lasted 00:00:33 (84 turns).

Lanoc the Conjurer (Gargoyle Conjurer)                Turns: 84, Time: 00:00:34

Health: -1/10      AC:  4    Str: 11    XL:     1   Next: 40%
Magic:  0/3        EV: 12    Int: 15    God:
Gold:   26         SH:  0    Dex: 10    Spells: 3/4 levels left

rFire    . . .     SeeInvis .   (no weapon)
rCold    . . .     Gourm    .   (no shield)
rNeg     + . .     Faith    .   a - +0 robe
rPois    ∞         Spirit   .   (no helmet)
rElec    +         Reflect  .   (no cloak)
rCorr    .         Harm     .   (no gloves)
MR       .....                  (no boots)
Stlth    ++........             (no amulet)
HPRegen  0.03/turn              (no ring)
MPRegen  0.08/turn              (no ring)

@: no status effects
A: negative energy resistance 1, electricity resistance, unbreathing,
petrification resistance, rot immunity, AC +2
a: no special abilities


You were on level 1 of the Dungeon.
You were not hungry.

You visited 1 branch of the dungeon, and saw 1 of its levels.

You collected 26 gold pieces.

Inventory:

Missiles
 d - 19 stones (quivered)
Armour
 a - a +0 robe (worn)
Scrolls
 b - a scroll of enchant armour {unknown}
 e - 2 scrolls of blinking {unknown}
Comestibles
 c - a ration


   Skills:
 + Level 1.6 Dodging
 - Level 2.1 Stealth
 - Level 2.0 Spellcasting
 * Level 4.5 Conjurations


You had 3 spell levels left.
You knew the following spells:

 Your Spells              Type           Power        Failure   Level  Hunger
a - Magic Dart            Conj           ###.         3%          1    #......

Your spell library contained the following spells:

 Spells                   Type           Power        Failure   Level  Hunger
 Searing Ray              Conj           ###...       5%          2    ###....
 Dazzling Flash           Conj/Hex       #.....       26%         3    ###....
 Fulminant Prism          Conj/Hex       #.........   65%         4    #####..
 Iskenderun's Mystic Bla  Conj/Tloc      #.......     65%         4    #####..


Dungeon Overview and Level Annotations

Branches:
Dungeon (1/15)

Altars:


Innate Abilities, Weirdness & Mutations

You are resistant to torment.
Your stone body is resilient. (AC +2)
You are immune to poison.
You resist negative energy. (rN+)
You are resistant to electric shocks. (rElec)
You can survive without breathing.
You are immune to petrification.
You are immune to rotting.


Message History

Aiming: Magic Dart (safe; 3% risk of failure)
Press: ? - help, Shift-Dir - straight line, f/p - jackal
Aim: a jackal (lightly wounded)
The magic dart hits the jackal.
The jackal is moderately wounded.
The jackal bites you but does no damage.
You closely miss the jackal.
The jackal is moderately wounded.
The jackal misses you. The jackal bites you.
* * * LOW HITPOINT WARNING * * *
You hit the jackal but do no damage.
The jackal is moderately wounded.
The jackal bites you but does no damage.
The jackal bites you but does no damage.
The jackal closely misses you.
You barely miss the jackal.
The jackal is moderately wounded.
The jackal bites you but does no damage.
The jackal bites you.
You die...

... ....# ..# .....#
..# ..). # ..##
##.## .#
...###...###.
.......#.....#
.....#.#..####
(....#.#K###########
..)......Kw†.ggh@..#
.#################.#
.......... #
......8..8
........÷.
........÷.
......8..8
<.........
......8..8


You could see a dart slug, a jackal, a hobgoblin, a goblin and a kobold.

Vanquished Creatures
  A bat (D:1)
  A hobgoblin (D:1)
2 creatures vanquished.

Notes
Turn   | Place    | Note
-------+----------+-------------------------------------------
     0 | D:1      | Lanoc the Gargoyle Conjurer began the quest for the Orb.
     0 | D:1      | Reached XP level 1. HP: 10/10 MP: 3/3
    84 | D:1      | Slain by a jackal

Levels and vault maps discovered:
D:1:      giann_forest_graveyard, layout_basic, minmay_three_crescents

Action                   || total
-------------------------++-------
Melee: Unarmed           ||    16
 Cast: Magic Dart        ||     5
Armor: Robe              ||    15
Dodge: Dodged            ||    27

Table legend:
 A = Non-vault XP
 B = Vault XP
 C = Vault XP percentage of total XP
 D = Non-vault monster count
 E = Vault monster count
 F = Vault count percentage of total count
                 A         B        C        D         E       F
            +---------+---------+-------+---------+---------+-------
      Total |       2 |       2 |  50.0 |       1 |       1 |  50.0
            +---------+---------+-------+---------+---------+-------
        D:1 |       2 |       2 |  50.0 |       1 |       1 |  50.0
            +---------+---------+-------+---------+---------+-------
